 Dungeon Crawl Stone Soup version 0.24-a0-530-g18ba70b503 (webtiles) character file.

Game seed: 16701196555623833855

19 Mithandil the Chopper (level 2, 0/25 HPs)
             Began as a Minotaur Gladiator on Aug 7, 2019.
             Slain by Jessica
             ... wielding a +0 dagger of electrocution
              (3 damage)
             ... on level 2 of the Dungeon.
             The game lasted 00:03:42 (196 turns).

Mithandil the Chopper (Minotaur Gladiator)           Turns: 196, Time: 00:03:42

Health: 0/25       AC:  3    Str: 18    XL:     2   Next: 55%
Magic:  1/1        EV: 13    Int:  5    God:
Gold:   22         SH:  0    Dex: 11    Spells: 1/1 levels left

rFire    . . .     SeeInvis .   j - -2 hand axe (curse)
rCold    . . .     Gourm    .   (no shield)
rNeg     . . .     Faith    .   b - +0 leather armour
rPois    .         Spirit   .   c - +0 hat
rElec    .         Reflect  .   (no cloak)
rCorr    .         Harm     .   (no gloves)
MR       .....                  (no boots)
Stlth    ..........             (no amulet)
HPRegen  0.08/turn              g - ring of attention (curse)
MPRegen  0.07/turn              (no ring)

@: no status effects
A: retaliatory headbutt, horns 2
a: no special abilities


You were on level 2 of the Dungeon.
You were not hungry.

You visited 1 branch of the dungeon, and saw 2 of its levels.

You collected 22 gold pieces.

Inventory:

Hand Weapons
 a - a +0 war axe
 h - a +1 antimagic whip
 j - a cursed -2 hand axe (weapon)
 k - a +0 dagger
 l - a +0 hunting sling
Missiles
 d - 5 throwing nets (quivered)
Armour
 b - a +0 leather armour (worn)
 c - a +0 hat (worn)
Jewellery
 g - a cursed ring of attention (left hand)
 m - an uncursed amulet of faith
Potions
 e - a potion of curing {unknown}
Comestibles
 f - 2 rations
 i - 8 chunks of flesh


   Skills:
 + Level 2.6 Fighting
 * Level 3.9(4.0) Axes
 - Level 0.3(2.4) Maces & Flails
 * Level 2.3 Throwing
 + Level 0.8 Armour
 + Level 3.4 Dodging


You had one spell level left.
You didn't know any spells.
Your spell library was empty.

Dungeon Overview and Level Annotations

Branches:
Dungeon (2/15)

Altars:

Annotations:
D:2 Jessica


Innate Abilities, Weirdness & Mutations

You reflexively headbutt those who attack you in melee.
You have a pair of horns on your head.


Message History

* * * LOW HITPOINT WARNING * * *
A worm comes into view.
Jessica the Apprentice Sorceress comes into view.
She is wielding a +0 dagger of electrocution.
Found a ration.
Found a stone staircase leading down.
You hit the hobgoblin. You headbutt the hobgoblin.
You kill the hobgoblin!
You hit the dart slug. The dart slug launches a dart at you.
The slug dart hits you.
* * * LOW HITPOINT WARNING * * *
You hit the dart slug.
The dart slug is severely wounded.
The dart slug misses you.
You hit the dart slug.
The dart slug is severely wounded.
You hit the dart slug.
You kill the dart slug!
You barely miss Jessica.
Jessica hits you with a +0 dagger of electrocution.
You die...

##.....#..
##.........
#..........
#..........
#..%.......
#..........
#.)@.......
#.>@.w.....
##.........
##.....#..
#####.# #


You could see a worm and Jessica.

Vanquished Creatures
  A worm (D:2)
  2 dart slugs
  2 giant cockroaches (D:2)
  A goblin (D:2)
  A hobgoblin (D:2)
  A ball python (D:2)
  2 bats
  3 kobolds
13 creatures vanquished.

Notes
Turn   | Place    | Note
-------+----------+-------------------------------------------
     0 | D:1      | Mithandil the Minotaur Gladiator began the quest for the
                  | Orb.
     0 | D:1      | Reached XP level 1. HP: 18/18 MP: 0/0
    95 | D:2      | Reached XP level 2. HP: 20/25 MP: 1/1
   192 | D:2      | Noticed Jessica
   196 | D:2      | Slain by Jessica

Levels and vault maps discovered:
D:1:      nzn_arrival_crosshair, layout_loops_ring, doesnt_xom_only_xom
D:2:      layout_rooms, cheibriados_altar_1, nicolae_gozag_zags_fifth_avenue,
          minmay_overflow_temple_star_quad, nicolae_overflow_hidden_temple,
          uniq_jessica

Action                   || total
-------------------------++-------
Melee: Hand axe          ||    19
       Whip              ||     3
       Headbutt          ||     7
       War axe           ||     2
Armor: Leather armour    ||     7
Dodge: Dodged            ||    25

Table legend:
 A = Non-vault XP
 B = Vault XP
 C = Vault XP percentage of total XP
 D = Non-vault monster count
 E = Vault monster count
 F = Vault count percentage of total count
                 A         B        C        D         E       F
            +---------+---------+-------+---------+---------+-------
      Total |      28 |       0 |   0.0 |      13 |       0 |   0.0
            +---------+---------+-------+---------+---------+-------
        D:1 |       6 |       0 |   0.0 |       3 |       0 |   0.0
        D:2 |      22 |       0 |   0.0 |      10 |       0 |   0.0
            +---------+---------+-------+---------+---------+-------
